AoeStats
← Nextilius

MegaRandom

507761988Analyzed
3v3 RM · 12d ago on Sep 19, 2026· 49m 35s· 6 players
Game mode
Random Map
Map size
Normal (6 player)
Population
200
Speed
Normal
Resources
Standard
Victory
Conquest
Starting age
Dark Age
Ending age
Imperial Age
RankedLock teamsTeams togetherTeam positionsShared explorationLock speedFull tech treeHidden civsTurbo modeCheats
Victory
Defeat
🇨🇳 Saracens · China
850
+15
🇹🇷 Hindustanis · Türkiye
842
+16
🇪🇸 Koreans · Spain
824
+16
🇦🇷 Byzantines · Argentina
857
-16
🇦🇷 Britons · Argentina
828
-38
🇧🇷 Sicilians · Brazil
816
-39
naniga
6:48 Loom
31:46 Feudal Age
Nextilius
5:59 Loom
11:53 Loom
14:33 Feudal Age
16:10 Wheelbarrow
16:28 Double-Bit Axe
19:06 Man-at-Arms
20:29 Gold Mining
20:29 Stone Mining
21:46 Scale Mail Armor
23:54 Forging
24:11 Arson
24:31 Fletching
25:49 Horse Collar
29:25 Castle Age
27:38 Padded Archer Armor
30:53 Hand Cart
30:54 Crossbowman
31:36 Squires
31:23 Gambesons
32:05 Bodkin Arrow
32:45 Iron Casting
31:33 Long Swordsman
32:33 Bow Saw
32:46 Thumb Ring
34:16 Chain Mail Armor
36:07 Pikeman
38:58 Husbandry
38:53 Stone Mining
39:42 Gold Shaft Mining
45:24 Imperial Age
43:54 Leather Archer Armor
45:37 Cavalier
46:27 Scale Barding Armor
Shirako
11:09 Feudal Age
11:53 Horse Collar
12:15 Double-Bit Axe
14:33 Wheelbarrow
23:58 Castle Age
26:31 Forging
26:21 Scale Mail Armor
26:31 Squires
25:58 Crossbowman
26:43 Pikeman
27:28 Heavy Plow
28:40 Stone Mining
28:40 Gold Mining
29:30 Bow Saw
NOK
7:25 Loom
10:20 Feudal Age
17:53 Castle Age
16:01 Double-Bit Axe
17:14 Horse Collar
21:03 Scale Barding Armor
28:16 Heavy Plow
29:12 Wheelbarrow
33:59 Imperial Age
38:01 Padded Archer Armor
37:51 Fletching
37:55 Elite Skirmisher
39:33 Bow Saw
40:26 Leather Archer Armor
40:23 Onager
41:16 Bodkin Arrow
46:21 Conscription
48:51 Ring Archer Armor
48:21 Bracer
alejandro1995_5
11:05 Loom
11:53 Loom
13:48 Feudal Age
15:35 Double-Bit Axe
15:34 Horse Collar
17:10 Wheelbarrow
18:48 Gold Mining
21:07 Scale Barding Armor
21:19 Scale Barding Armor
22:02 Fletching
24:23 Castle Age
24:06 Forging
24:39 Fletching
27:25 Gold Shaft Mining
26:41 Stone Mining
MaChi
2:45 Loom
12:03 Feudal Age
13:12 Double-Bit Axe
13:49 Stone Mining
16:25 Horse Collar
17:08 Town Watch
21:42 Gold Mining
25:01 Castle Age
22:57 Fletching
26:56 Wheelbarrow
26:54 Bodkin Arrow
28:01 Town Patrol
28:19 Bow Saw
29:55 Gold Shaft Mining
29:24 Husbandry
29:35 Bloodlines
30:26 Treadmill Crane
30:41 Murder Holes
33:18 Hand Cart
34:47 Masonry
38:32 Imperial Age
38:39 Heavy Plow
41:13 Hoardings
40:59 Conscription
42:32 Elite Mameluke
46:14 Scale Barding Armor
46:20 Forging
46:10 Bracer
47:36 Two-Man Saw
49:50 Siege Engineers
50:05 Ballistics
50:46 Chemistry
Connection lost

Rejoining the realm…

Still unreachable

The connection could not be restored.

Session expired

The server has moved on; the page needs a fresh start.